 Dungeon Crawl Stone Soup version 0.18.1-8-gdd0e5ea (webtiles) character file.

980 sugabear the Ducker (level 8, -2/40 HPs)
             Began as a Vine Stalker Gladiator on June 5, 2016.
             Was a Believer of Qazlal.
             Slain by a killer bee (6 damage)
             ... on level 6 of the Dungeon.
             The game lasted 00:06:21 (5171 turns).

sugabear the Ducker (Vine Stalker Gladiator)        Turns: 5171, Time: 00:06:22

Health: -2/40      AC:  6    Str: 18    XL:     8   Next: 17%
Magic:  0/10       EV: 13    Int:  8    God:    Qazlal [**....]
Gold:   286        SH:  7    Dex: 17    Spells: 0 memorised, 7 levels left

rFire  . . .     SeeInvis .     L - +0 whip (elec)
rCold  . . .     Gourm    .     M - +0 ring mail
rNeg   . . .     Faith    .     h - +0 buckler
rPois  .         Spirit   +     c - +0 helmet
rElec  .         Dismiss  .     (no cloak)
rCorr  .         Reflect  .     (no gloves)
SustAt .         Harm     .     (no boots)
MR     +....                    (no amulet)
Stlth  +.........               (no ring)
                                (no ring)

@: somewhat resistant to hostile enchantments, very unstealthy
A: fangs 3, low mp 1, regeneration 2, magic shield, antimagic bite, no device
heal 3, rot immunity
a: Upheaval, Renounce Religion


You were on level 6 of the Dungeon.
You worshipped Qazlal.
Qazlal was pleased with you.
You were not hungry.

You visited 2 branches of the dungeon, and saw 7 of its levels.

You collected 286 gold pieces.

Inventory:

Hand Weapons
 a - a +0 flail
 b - the +8 short sword of Exquisite Torment {antimagic, *Contam MR+ Str+4}
   (You found it on level 5 of the Dungeon)

   It disrupts the flow of magical energy around spellcasters and certain
   magical creatures (including the wielder).
   It affects your strength (+4).
   It affects your resistance to hostile enchantments.
   It causes magical contamination when unequipped.
 L - a +0 whip of electrocution (weapon)
Missiles
 d - 3 throwing nets (quivered)
Armour
 c - a +0 helmet (worn)
 h - a +0 buckler (worn)
 M - a +0 ring mail (worn)
Jewellery
 g - an uncursed amulet of regeneration {unknown}
 p - an uncursed amulet of faith {unknown}
 x - an uncursed ring of wizardry {unknown}
 H - an uncursed amulet of regeneration {unknown}
Scrolls
 e - 9 scrolls of identify {unknown}
 i - 2 scrolls of blinking {unknown}
 j - 2 scrolls of magic mapping {unknown}
 q - a scroll of recharging {unknown}
 r - 3 scrolls of immolation {unknown}
 s - 2 scrolls of fog {unknown}
 t - a scroll of enchant armour {unknown}
 u - 3 scrolls of teleportation {unknown}
 w - 2 scrolls of enchant weapon {unknown}
 y - a scroll of noise {unknown}
 C - 2 scrolls of random uselessness {unknown}
 D - 2 scrolls of amnesia {unknown}
 E - a scroll of remove curse {unknown}
 J - a scroll of fear {unknown}
Potions
 m - a potion of cancellation {unknown}
 n - 2 potions of heal wounds {unknown}
 o - 2 potions of might {unknown}
 v - a potion of haste {unknown}
 z - a potion of magic {unknown}
 B - a potion of flight {unknown}
 F - a potion of cure mutation {unknown}
 G - 2 potions of lignification {unknown}
 K - 3 potions of agility {unknown}
Comestibles
 f - 9 bread rations
 l - 2 meat rations
 A - 2 chunks of flesh
 I - 2 fruits


   Skills:
 + Level 3.3 Fighting
 + Level 0.1 Short Blades
 + Level 4.1 Maces & Flails
 + Level 2.0 Throwing
 + Level 3.1 Armour
 + Level 4.8 Dodging
 - Level 0.3 Stealth
 + Level 2.1 Shields
 * Level 2.9 Invocations


You had 7 spell levels left.
You didn't know any spells.

Dungeon Overview and Level Annotations

Branches:
Dungeon (6/15)             Temple (1/1) D:5

Altars:
Ashenzari
Dithmenos
Okawaru
Pakellas
Qazlal
Ru
Sif Muna
Trog
Xom
Yredelemnul


Innate Abilities, Weirdness & Mutations

You have razor-sharp teeth.
You heal very quickly.
When hurt, damage is shared between your health and your magic reserves.
Your bite disrupts and absorbs the magic of your enemies.
Potions and wands cannot restore your health.
You are immune to rotting.
Your magical capacity is low (-10% MP).


Message History

The killer bee stings you.
* * * LOW HITPOINT WARNING * * *
You are poisoned.
The killer bee poisons you! The killer bee stings you.
* * * LOW HITPOINT WARNING * * *
You are more poisoned.
The killer bee poisons you!
You closely miss the killer bee. Your bite misses the killer bee.
You feel sick. You block the killer bee's attack.
The killer bee stings you but does no damage.
The crimson imp blinks!
You hit the killer bee but do no damage.
Your bite misses the killer bee.
You feel sick. The killer bee stings you!
* * * LOW HITPOINT WARNING * * *
You are more poisoned.
The killer bee poisons you! The killer bee misses you.
Unknown command.
Drink which item? (? for menu, Esc to quit)
You feel better. The killer bee misses you. The killer bee stings you.
You die...

#..............##.......#
#%......................#
#............####.......#..
#....(.........§.......#
#.........# #<......#
......##.....# ##..#####
#...... ##..### #.÷##
####### ##y# ####.## #@#
#.... #.###.### #..##.#
##.##.# #...÷.# #...†<#
#.....# #.....# #.....#


You could see a killer bee.

Vanquished Creatures
  Grinder (D:4)
  A centaur (D:5)
  A giant frog (D:5)
  2 killer bees (D:6)
  A howler monkey (D:6)
  A centaur skeleton (D:5)
  A hound (D:5)
  2 orc priests (D:4)
  An orc wizard (D:4)
  An iguana (D:4)
  4 worker ants
  A hound skeleton (D:5)
  A worker ant zombie (D:5)
  4 gnolls (D:2)
  6 adders
  A shadow imp (D:6)
  2 adder zombies (D:5)
  3 worms
  2 dart slugs
  2 giant geckos (D:6)
  10 orcs
  2 ball pythons (D:2)
  8 bats
  2 giant cockroaches
  12 goblins
  6 hobgoblins
  10 jackals
  8 kobolds
  5 quokkas
  4 giant newts
  A jackal skeleton (D:5)
  A quokka zombie (D:6)
  6 rats
113 creatures vanquished.

Notes
Turn   | Place    | Note
--------------------------------------------------------------
     0 | D:1      | sugabear the Vine Stalker Gladiator began the quest for the Orb.
     0 | D:1      | Reached XP level 1. HP: 11/11 MP: 2/2
    92 | D:1      | Reached XP level 2. HP: 11/15 MP: 1/3
   377 | D:1      | Reached XP level 3. HP: 18/18 MP: 4/4
   438 | D:2      | Found a basalt altar of Yredelemnul.
   438 | D:2      | Found a deep blue altar of Sif Muna.
   844 | D:2      | Reached XP level 4. HP: 20/23 MP: 3/5
   951 | D:2      | Found a stormy altar of Qazlal.
   998 | D:2      | Found a shadowy altar of Dithmenos.
  1066 | D:2      | Reached skill level 1 in Armour
  1077 | D:2      | Became a worshipper of Qazlal Stormbringer
  1437 | D:3      | Reached XP level 5. HP: 23/26 MP: 4/6
  2670 | D:4      | Noticed Grinder
  2685 | D:4      | Killed Grinder
  2685 | D:4      | Reached skill level 1 in Shields
  2685 | D:4      | Reached skill level 1 in Invocations
  2685 | D:4      | Gained mutation: You heal very quickly. [Vine Stalker growth]
  2685 | D:4      | Reached XP level 6. HP: 3/32 MP: 6/8
  2903 | D:4      | Reached * piety under Qazlal
  2912 | D:4      | Found a sacrificial altar of Ru.
  2989 | D:4      | Reached XP level 7. HP: 7/35 MP: 3/9
  3475 | D:5      | Entered Level 5 of the Dungeon
  3971 | D:5      | Found a staircase to the Ecumenical Temple.
  3980 | Temple   | Entered the Ecumenical Temple
  4426 | D:5      | Got an encrusted short sword
  4427 | D:5      | Identified the +8 short sword of Exquisite Torment {antimagic, *Contam MR+ Str+4} (You found it on level 5 of the Dungeon)
  4554 | D:5      | Found a sacrificial altar of Ru.
  4909 | D:5      | Gained mutation: Your magical capacity is low (-10% MP). [mutagenic glow]
  5096 | D:5      | Reached ** piety under Qazlal
  5096 | D:5      | Gained mutation: You have razor-sharp teeth. [Vine Stalker growth]
  5096 | D:5      | Reached XP level 8. HP: 40/40 MP: 10/10
  5171 | D:6      | Slain by a killer bee

Skill      XL: |  1  2  3  4  5  6  7  8 |
---------------+-------------------------+-----
Throwing       | 2 |  2.0
Maces & Flails | 3 4 |  4.1
Dodging        | 3 4 |  4.8
Fighting       | 2 3 |  3.3
Armour         | 1 2 3 |  3.1
Shields        | 1 2 |  2.1
Invocations    | 1 2 |  2.9
Short Blades   | |  0.1
Stealth        | |  0.3

Action                   |  1- 3 |  4- 6 |  7- 9 || total
-------------------------+-------+-------+-------++-------
Melee: Flail             |   105 |   128 |    94 ||   327
       Bite              |    25 |    34 |    57 ||   116
       Whip              |       |       |    47 ||    47
       Short sword       |       |       |     4 ||     4
  Use: Potion            |       |     1 |     2 ||     3
 Stab: Sleeping          |     1 |       |       ||     1
  Eat: Chunk             |       |     6 |     6 ||    12
       Beef jerky        |       |       |     1 ||     1
Armor: Leather armour    |    34 |    29 |    11 ||    74
       Ring mail         |       |       |    20 ||    20
Dodge: Dodged            |    77 |    80 |    97 ||   254
Block: Buckler           |    16 |    34 |    42 ||    92
